 Dungeon Crawl Stone Soup version 0.31-a0-152-g6aa68a64a1 (webtiles) character file.

Game seed: 8347513282810360394

189 qw the Shooter (level 5, -2/49 HPs)
             Began as a Naga Hunter on June 9, 2023.
             Slain by a sleepcap (5 damage)
             ... on level 3 of the Dungeon.
             The game lasted 00:00:48 (2422 turns).

qw the Shooter (Naga Hunter)                        Turns: 2422, Time: 00:00:49

Health: -2/49      AC:  3    Str: 13    XL:     5   Next: 68%
Magic:  5/5        EV:  9    Int: 10    God:
Gold:   188        SH:  0    Dex: 16    Spells: 4/4 levels left

rFire   . . .        Y - +0 shortbow
rCold   . . .        (shield currently unavailable)
rNeg    . . .        c - +0 leather armour
rPois   +            (no helmet)
rElec   .            b - scarf {repulsion}
rCorr   .            (no gloves)
SInv    +            (no barding)
Will    .....        (no amulet)
Stlth   ++           (no ring)
HPRegen 0.28/turn    (no ring)
MPRegen 0.09/turn

%: repel missiles
@: short of breath, very slow
A: AC +1, large, see invisible, deformed body, poison resistance, slowness 2,
spit poison 1, naga tail 1
a: Spit Poison


You were on level 3 of the Dungeon.
You visited 1 branch of the dungeon, and saw 4 of its levels.

You collected 188 gold pieces.


Innate Abilities, Weirdness & Mutations

Your serpentine skin is tough. (AC +1)
You have supernaturally acute eyesight. (SInv)
Armour fits poorly on your strangely shaped body.
Your system is resistant to poisons. (rPois)
You cover ground very slowly.
You can spit poison.
You have a snake-like lower body.


   Skills:
 - Level 3.0 Fighting
 + Level 5.7 Ranged Weapons
 - Level 1.5 Dodging
 - Level 1.5 Stealth


You had 4 spell levels left.
You didn't know any spells.
Your spell library was empty.

Inventory:

Hand Weapons
 Y - a +0 shortbow (weapon)
Armour
 b - a scarf of repulsion (worn)
 c - a +0 leather armour (worn)
Scrolls
 a - a scroll of enchant armour
 f - a scroll of identify
Potions
 d - a potion of invisibility {unknown}
 e - a potion of might {unknown}
 h - a potion of cancellation {unknown}
 i - a potion of curing {unknown}
 j - a potion of brilliance {unknown}

Dungeon Overview and Level Annotations

Branches:
Dungeon (4/15)
 Temple: D:4-7

Altars:
Kikubaaqudgha


Message History

The ogre is almost dead.
You kill the ogre!
The sleepcap barely misses you. The kobold hits you with a +0 dagger.
You have reached level 5!
You shoot an arrow. The arrow hits the sleepcap.
The sleepcap is lightly damaged.
The sleepcap releases spores at you but does no damage.
The kobold misses you.
You shoot an arrow. The arrow hits the sleepcap.
The sleepcap is moderately damaged.
The sleepcap barely misses you. The kobold hits you with a +0 dagger.
You shoot an arrow. The arrow hits the sleepcap.
The sleepcap is heavily damaged.
You have got your breath back.
The sleepcap barely misses you. The kobold barely misses you.
2418 ||| INVOKING Spit Poison.
Aiming: Spit Poison (1% risk of failure)
Press: ? - help, Shift-Dir - straight line, f - kobold, p - sleepcap The splash of poison misses the kobold.
The sleepcap barely misses you. The kobold hits you with a +0 dagger.
You shoot an arrow. The arrow hits the sleepcap.
The sleepcap is heavily damaged.
The sleepcap releases spores at you!
You are engulfed in a cloud of soporific spores!
You fall asleep.
The kobold hits you with a +0 dagger.
You wake up.
You shoot an arrow. The arrow hits the sleepcap!
The sleepcap is severely damaged.
The sleepcap releases spores at you! The kobold barely misses you.
The sleepcap closely misses you. The kobold hits you with a +0 dagger.
You shoot an arrow.
The arrow hits the sleepcap but does no damage.
The sleepcap is severely damaged.
You have got your breath back.
The sleepcap barely misses you. The kobold hits you but does no damage.
2422 ||| INVOKING Spit Poison.
Aiming: Spit Poison (1% risk of failure)
Press: ? - help, Shift-Dir - straight line, f - kobold, p - sleepcap The splash of poison misses the kobold.
The sleepcap releases spores at you.
You die...

..#..#....##.##....##[# #..##..
###..............####.#####.###..
#........(...#.# #.............
#..#....##.###.# #.............
#..#######.###.# #..##.#######.
###..#######..##.###.....# #.
..#..##...............#### #.
7.#..##.....#...K#....## #.
..#..##.....#...@).....#########.
..#..##.....#...f#...............
..#..##.....#....#.#.#.#########.
7.#####.....######.#.#.# #. ..#
#.....# #.#.#.#########. ####
#.....# #.#............. #.#
####.## #.#.#.####.####. #.# #.#
#.#.#%# #.# #. #.#
##.#######.#.#.# #.# #.


You could see a sleepcap and a kobold.

Vanquished Creatures
  An ogre (D:3)
  2 adders
  5 worms
  3 dart slugs
  An orc (D:3)
  4 ball pythons (D:1)
  6 bats
  An endoplasm (D:1)
  11 giant cockroaches
  2 goblins
  5 hobgoblins
  2 jackals (D:1)
  A quokka (D:3)
  5 frilled lizards
  6 kobolds
  6 rats
61 creatures vanquished.

Notes
Turn   | Place    | Note
-------+----------+-------------------------------------------
     0 | D:1      | qw the Naga Hunter began the quest for the Orb.
     0 | D:1      | Reached XP level 1. HP: 19/19 MP: 1/1
     0 | D:1      | 0 ||| qw: Version: 0.2-a-122-gbc61b45
     0 | D:1      | 0 ||| qw: Game counter: 3318
     0 | D:1      | 0 ||| qw: Always use a shield: true
     0 | D:1      | 0 ||| qw: God list: Okawaru
     0 | D:1      | 0 ||| qw: Allow faded altars: false
     0 | D:1      | 0 ||| qw: Do Orc after D:15 true
     0 | D:1      | 0 ||| qw: Do second Lair branch before Depths: true
     0 | D:1      | 0 ||| qw: Lair rune preference: random
     0 | D:1      | 0 ||| qw: Plans: Normal
     0 | D:1      | 0 ||| PLANNING D:1-11
    30 | D:1      | 30 ||| INVOKING Spit Poison.
    35 | D:1      | 35 ||| INVOKING Spit Poison.
   111 | D:1      | 111 ||| INVOKING Spit Poison.
   115 | D:1      | 115 ||| INVOKING Spit Poison.
   148 | D:1      | 148 ||| INVOKING Spit Poison.
   152 | D:1      | 152 ||| INVOKING Spit Poison.
   154 | D:1      | Reached skill level 4 in Ranged Weapons
   154 | D:1      | Reached XP level 2. HP: 16/26 MP: 2/2
   156 | D:1      | 156 ||| INVOKING Spit Poison.
   233 | D:1      | 233 ||| INVOKING Spit Poison.
   245 | D:1      | 245 ||| INVOKING Spit Poison.
   269 | D:1      | 269 ||| INVOKING Spit Poison.
   313 | D:1      | 313 ||| INVOKING Spit Poison.
   318 | D:1      | 318 ||| INVOKING Spit Poison.
   324 | D:1      | 324 ||| INVOKING Spit Poison.
   395 | D:1      | 395 ||| INVOKING Spit Poison.
   432 | D:1      | 432 ||| INVOKING Spit Poison.
   438 | D:1      | 438 ||| INVOKING Spit Poison.
   456 | D:1      | 456 ||| INVOKING Spit Poison.
   496 | D:1      | 496 ||| INVOKING Spit Poison.
   553 | D:1      | 553 ||| INVOKING Spit Poison.
   554 | D:1      | Reached XP level 3. HP: 32/32 MP: 3/3
   597 | D:1      | 597 ||| INVOKING Spit Poison.
   609 | D:1      | 609 ||| INVOKING Spit Poison.
   612 | D:1      | 612 ||| INVOKING Spit Poison.
   625 | D:1      | 625 ||| INVOKING Spit Poison.
   647 | D:1      | 647 ||| INVOKING Spit Poison.
   723 | D:1      | 723 ||| INVOKING Spit Poison.
   888 | D:1      | 888 ||| READING scroll labelled GUOFRUBBOS.
   889 | D:1      | 889 ||| READING scroll labelled VECLEA JADUUSS.
   890 | D:1      | 890 ||| READING scroll labelled ULEENE JATEDAH.
   891 | D:1      | 891 ||| READING scroll labelled PORGHO ASITITA.
   892 | D:1      | 892 ||| READING scroll labelled BIDYUGGIHYI.
   893 | D:1      | 893 ||| DROPPING scroll of butterflies.
   929 | D:2      | 929 ||| INVOKING Spit Poison.
   957 | D:2      | 957 ||| INVOKING Spit Poison.
   984 | D:2      | 984 ||| INVOKING Spit Poison.
   989 | D:2      | 989 ||| INVOKING Spit Poison.
   994 | D:2      | 994 ||| INVOKING Spit Poison.
  1005 | D:2      | 1005 ||| INVOKING Spit Poison.
  1010 | D:2      | 1010 ||| INVOKING Spit Poison.
  1014 | D:2      | 1014 ||| INVOKING Spit Poison.
  1015 | D:2      | 1015 ||| INVOKING Spit Poison.
  1027 | D:2      | 1027 ||| INVOKING Spit Poison.
  1109 | D:2      | 1109 ||| INVOKING Spit Poison.
  1139 | D:2      | 1139 ||| INVOKING Spit Poison.
  1146 | D:2      | Reached skill level 5 in Ranged Weapons
  1146 | D:2      | Reached XP level 4. HP: 39/39 MP: 4/4
  1239 | D:2      | 1239 ||| INVOKING Spit Poison.
  1288 | D:2      | 1288 ||| INVOKING Spit Poison.
  1292 | D:2      | 1292 ||| INVOKING Spit Poison.
  1535 | D:2      | Found an ancient bone altar of Kikubaaqudgha.
  1691 | D:2      | 1691 ||| UPGRADING to scarf of repulsion.
  1696 | D:2      | 1696 ||| READING 2 scrolls labelled PAEGOY RAIC.
  1697 | D:2      | 1697 ||| READING scroll labelled APTOM PUMY.
  1730 | D:3      | 1730 ||| INVOKING Spit Poison.
  1734 | D:3      | 1734 ||| INVOKING Spit Poison.
  1766 | D:3      | 1766 ||| INVOKING Spit Poison.
  1828 | D:3      | 1828 ||| INVOKING Spit Poison.
  1831 | D:3      | 1831 ||| INVOKING Spit Poison.
  1832 | D:3      | 1832 ||| INVOKING Spit Poison.
  1844 | D:3      | 1844 ||| INVOKING Spit Poison.
  1845 | D:3      | 1845 ||| INVOKING Spit Poison.
  1897 | D:3      | 1897 ||| INVOKING Spit Poison.
  1993 | D:3      | Reached skill level 3 in Fighting
  2160 | D:3      | 2160 ||| INVOKING Spit Poison.
  2379 | D:3      | 2379 ||| READING scroll labelled BUGGES PENANEU.
  2406 | D:4      | Noticed an ogre
  2408 | D:4      | 2408 ||| INVOKING Spit Poison.
  2412 | D:4      | 2412 ||| STAIRDANCE
  2414 | D:3      | 2414 ||| INVOKING Spit Poison.
  2414 | D:3      | Killed an ogre
  2415 | D:3      | Reached XP level 5. HP: 25/49 MP: 5/5
  2418 | D:3      | 2418 ||| INVOKING Spit Poison.
  2419 | D:3      | HP: 10/49 [kobold/+0 dagger (5)]
  2420 | D:3      | HP: 4/49 [sleepcap (7)]
  2422 | D:3      | 2422 ||| INVOKING Spit Poison.
  2422 | D:3      | Slain by a sleepcap

Levels and vault maps discovered:
D:1:      tarquinn_simple_flora_water_c, layout_loops_corners
D:2:      minmay_roachtagon, layout_basic, basic_altar
D:3:      layout_basic, dreamdust_princess_bridge
D:4:      layout_cave_pools, serial_shops, nicolae_shop_advertising_works
          [nicolae_subvault_shop_adworks]

Skill      XL: |  1  2  3  4 |
---------------+-------------+-----
Ranged Weapons | 4 5 |  5.7
Fighting       | 3 |  3.0
Dodging        | |  1.5
Stealth        | |  1.5

Action                     |  1- 3 |  4- 6 || total
---------------------------+-------+-------++-------
   Fire: Shortbow          |    73 |    43 ||   116
Ability: Spit Poison       |    36 |    15 ||    51
    Use: Scroll            |     5 |     3 ||     8
 Armour: Leather armour    |     9 |     4 ||    13
  Dodge: Dodged            |    12 |    15 ||    27
         Repelled          |       |     1 ||     1

Table legend:
 A = Non-vault XP
 B = Vault XP
 C = Vault XP percentage of total XP
 D = Non-vault monster count
 E = Vault monster count
 F = Vault count percentage of total count
                 A         B        C        D         E       F
            +---------+---------+-------+---------+---------+-------
      Total |     254 |      16 |   5.9 |      53 |       8 |  13.1
            +---------+---------+-------+---------+---------+-------
        D:1 |      45 |       0 |   0.0 |      26 |       0 |   0.0
        D:2 |      46 |      16 |  25.8 |      14 |       8 |  36.4
        D:3 |     163 |       0 |   0.0 |      13 |       0 |   0.0
            +---------+---------+-------+---------+---------+-------
